 Dungeon Crawl Stone Soup version 0.25-a0-592-g443c2f7 (webtiles) character file.

Game seed: 8796701056194142369, levelgen mode: deterministic

73 Scoots the Shield-Bearer (level 4, 0/37 HPs)
             Began as a Formicid Fighter on Mar 14, 2020.
             Slain by a centaur (4 damage)
             ... on level 3 of the Dungeon.
             The game lasted 00:05:32 (1846 turns).

Scoots the Shield-Bearer (Formicid Fighter)         Turns: 1846, Time: 00:05:33

Health: 0/37       AC:  8    Str: 21    XL:     4   Next: 51%
Magic:  4/4        EV:  8    Int:  5    God:
Gold:   113        SH:  9    Dex: 10    Spells: 3/3 levels left

rFire    . . .     SeeInvis +   a - +1 long sword
rCold    . . .     Gourm    .   c - +0 kite shield
rNeg     . . .     Faith    .   b - +0 scale mail
rPois    .         Spirit   .   (helmet unavailable)
rElec    .         Reflect  .   (no cloak)
rCorr    .         Harm     .   e - +0 pair of gloves
MR       .....                  (no boots)
Stlth    ..........             j - amulet of magic regeneration
HPRegen  0.12/turn              i - -3 ring of intelligence (curse)
MPRegen  0.34/turn              (no ring)

@: no status effects
A: permanent stasis, dig shafts and tunnels, four strong arms, antennae 3
a: Dig, Shaft Self


You were on level 3 of the Dungeon.
You were hungry.

You visited 1 branch of the dungeon, and saw 3 of its levels.

You collected 113 gold pieces.

Inventory:

Hand Weapons
 a - a +1 long sword (weapon)
Armour
 b - a +0 scale mail (worn)
 c - a +0 kite shield (worn)
 e - a +0 pair of gloves (worn)
Jewellery
 i - a cursed -3 ring of intelligence (left hand)
 j - an amulet of magic regeneration (around neck)
Wands
 n - a wand of paralysis (4)
Scrolls
 g - 6 scrolls of identify
 h - a scroll of amnesia
 k - a scroll of immolation {unknown}
Potions
 d - a potion of might
 l - 3 potions of lignification
 m - a potion of flight {unknown}
Comestibles
 f - 9 rations


   Skills:
 + Level 3.6 Fighting
 + Level 2.7 Long Blades
 + Level 3.8 Armour
 + Level 0.5 Dodging
 + Level 4.5 Shields


You had 3 spell levels left.
You didn't know any spells.
Your spell library was empty.

Dungeon Overview and Level Annotations

Branches:
Dungeon (3/15)

Altars:


Innate Abilities, Weirdness & Mutations

You cannot be hasted, slowed, berserked, paralysed or teleported.
You can dig through walls and to a lower floor.
Your four strong arms can wield two-handed weapons with a shield.
You have a pair of large antennae on your head. (SInv)


Message History

The centaur barely misses you.
You riposte.
You hit the centaur.
The centaur is severely wounded.
You hit the worm.
The worm is moderately wounded.
The centaur completely misses you. The worm bites you.
You block the centaur's attack.
You barely miss the centaur.
The centaur is heavily wounded.
You block the centaur's attack. You block the worm's attack.
You don't know any spells.
Evoke which item? (* to show all) (? for menu, Esc to quit)
Aiming: Paralyse
Press: ? - help, Shift-Dir - straight line, f - worm
Aim: a worm (lightly wounded, chance to defeat MR: 54%)
The worm suddenly stops moving!
The centaur hits you. The centaur hits you!
* * * LOW HITPOINT WARNING * * *
You hit the centaur.
The centaur is severely wounded.
You block the centaur's attack. The centaur hits you.
You die...

#.........#
#.######### #.# ###
#.# #.. #.# #.# #.#
#.# #.# ##.########
#.#####.####.(........
#............(@...###
#############.#cw...#
#.#.....# #..........
###.....#.# #.......#
#########


You could see a centaur and a worm (paralysed).

Vanquished Creatures
  An adder (D:3)
  An ooze (D:3)
  A worm (D:2)
  3 leopard geckos
  An orc (D:3)
  A ball python (D:3)
  6 bats
  2 giant cockroaches
  6 goblins
  6 hobgoblins
  4 jackals (D:1)
  7 kobolds
  A frilled lizard (D:1)
  10 rats
50 creatures vanquished.

Notes
Turn   | Place    | Note
-------+----------+-------------------------------------------
     0 | D:1      | Scoots the Formicid Fighter began the quest for the Orb.
     0 | D:1      | Reached XP level 1. HP: 18/18 MP: 1/1
   247 | D:1      | Reached XP level 2. HP: 21/24 MP: 2/2
   615 | D:1      | Reached XP level 3. HP: 29/29 MP: 3/3
   761 | D:2      | Reached skill level 4 in Shields
  1658 | D:3      | Reached XP level 4. HP: 33/36 MP: 4/4
  1831 | D:3      | Noticed a centaur
  1846 | D:3      | Slain by a centaur

Levels and vault maps discovered:
D:1:      dpeg_arrival_subterranean_lakeside_camping, layout_basic
D:2:      layout_loops_ring, first_ration
D:3:      layout_loops_ring, chequers_temple_overflow_statue_of_worship,
          serial_bayou_pond_a, fedhas_altar_3

Skill      XL: |  1  2  3 |
---------------+----------+-----
Shields        | 4 |  4.5
Fighting       | |  3.6
Long Blades    | |  2.7
Armour         | |  3.8
Dodging        | |  0.5

Action                   |  1- 3 |  4- 6 || total
-------------------------+-------+-------++-------
Melee: Long sword        |   170 |    43 ||   213
Evoke: Wand              |       |     1 ||     1
  Use: Potion            |     2 |       ||     2
       Scroll            |     1 |     3 ||     4
  Eat: Chunk             |     3 |       ||     3
Armor: Scale mail        |   105 |    30 ||   135
Dodge: Dodged            |    85 |    27 ||   112
Block: Kite shield       |   121 |    28 ||   149
       Rpst.: Long sword |    32 |     5 ||    37

Table legend:
 A = Non-vault XP
 B = Vault XP
 C = Vault XP percentage of total XP
 D = Non-vault monster count
 E = Vault monster count
 F = Vault count percentage of total count
                 A         B        C        D         E       F
            +---------+---------+-------+---------+---------+-------
      Total |      97 |       8 |   7.6 |      44 |       6 |  12.0
            +---------+---------+-------+---------+---------+-------
        D:1 |      24 |       8 |  25.0 |      13 |       6 |  31.6
        D:2 |      28 |       0 |   0.0 |      16 |       0 |   0.0
        D:3 |      45 |       0 |   0.0 |      15 |       0 |   0.0
            +---------+---------+-------+---------+---------+-------
